3480 views
Uploaded 2020-02-03 21:09:21
Game version 1.32 / 1.32.1
25:15 long 4on4 ladder game on (8)Sanctuary_LV
Saved by ChuckleMan
3480 views
Uploaded 2020-02-03 21:09:21
Game version 1.32 / 1.32.1
25:15 long 4on4 ladder game on (8)Sanctuary_LV

182 units @ 25.5k
/ 2.8k
102 buildings @ 13.7k
/ 5.5k

| Scroll of Regeneration | 3 | 300 |
| total: | 3 | 300g |
| Peasant | 12 | 900 | / | 0 |
| Footman | 3 | 405 | / | 0 |
| Rifleman | 28 | 5740 | / | 840 |
| Priest | 9 | 1215 | / | 90 |
| Sorceress | 2 | 310 | / | 40 |
| Mortar Team | 3 | 540 | / | 210 |
| total: | 57 | 9110g | / | 1180w |
| Scout Tower | 3 | 90 | / | 60 |
| Arcane Tower | 2 | 140 | / | 100 |
| Altar of Kings | 1 | 180 | / | 50 |
| Farm | 13 | 1040 | / | 260 |
| Barracks | 1 | 160 | / | 60 |
| Blacksmith | 1 | 140 | / | 60 |
| Arcane Vault | 2 | 260 | / | 60 |
| Town Hall | 1 | 385 | / | 205 |
| Arcane Sanctum | 2 | 300 | / | 280 |
| Workshop | 2 | 280 | / | 280 |
| Keep | 1 | 320 | / | 210 |
| Castle | 1 | 360 | / | 210 |
| total: | 26 | 2835g | / | 1315w |
| 0:02 | Peasant |
| 0:02 | Peasant |
| 0:06 | Altar of Kings |
| 0:12 | Peasant |
| 0:21 | Farm |
| 0:33 | Barracks |
| 0:41 | Peasant |
| 0:50 | Peasant |
| 0:53 | Farm |
| 1:14 | Peasant |
| 1:26 | Peasant |
| 1:37 | Footman |
| 1:46 | Farm |
| 1:49 | Farm |
| 1:52 | Footman |
| 1:55 | Peasant |
| 2:02 | Blacksmith |
| 2:08 | Footman |
| 2:24 | Flame Strike |
| 3:01 | Arcane Vault |
| 3:10 | Keep |
| 3:15 | Rifleman |
| 3:33 | Rifleman |
| 3:40 | Siphon Mana |
| 3:54 | Rifleman |
| 4:10 | Scroll of Regeneration |
| 4:13 | Black Gunpowder |
| 4:21 | Farm |
| 4:28 | Farm |
| 4:59 | Rifleman |
| 5:02 | Scout Tower |
| 5:27 | Rifleman |
| 5:59 | Rifleman |
| 6:02 | Siphon Mana |
| 6:11 | Arcane Sanctum |
| 6:13 | Rifleman |
| 6:39 | Long Rifles |
| 6:59 | Rifleman |
| 7:09 | Farm |
| 7:09 | Farm |
| 7:10 | Farm |
| 7:11 | Arcane Tower |
| 7:34 | Rifleman |
| 7:38 | Priest |
| 8:19 | Priest |
| 8:21 | Castle |
| 8:27 | Farm |
| 8:36 | Scroll of Regeneration |
| 9:39 | Rifleman |
| 10:00 | Rifleman |
| 10:08 | Priest |
| 10:14 | Sorceress |
| 10:22 | Refined Gunpowder |
| 10:28 | Workshop |
| 10:33 | Scroll of Regeneration |
| 11:32 | Rifleman |
| 11:32 | Rifleman |
| 11:45 | Priest |
| 11:46 | Priest |
| 11:49 | Flame Strike |
| 12:02 | Workshop |
| 12:25 | Arcane Sanctum |
| 12:36 | Arcane Vault |
| 13:20 | Rifleman |
| 13:22 | Mortar Team |
| 13:22 | Mortar Team |
| 14:34 | Rifleman |
| 14:39 | Priest |
| 14:39 | Priest |
| 15:29 | Farm |
| 15:30 | Farm |
| 15:35 | Farm |
| 15:37 | Mortar Team |
| 16:09 | Scout Tower |
| 16:10 | Scout Tower |
| 17:49 | Rifleman |
| 17:49 | Rifleman |
| 18:11 | Arcane Tower |
| 18:15 | Rifleman |
| 18:16 | Rifleman |
| 18:20 | Priest |
| 18:20 | Sorceress |
| 19:22 | Rifleman |
| 19:22 | Rifleman |
| 20:06 | Town Hall |
| 21:04 | Rifleman |
| 21:04 | Rifleman |
| 21:09 | Studded Leather Armor |
| 21:17 | Priest |
| 21:39 | Rifleman |
| 22:08 | Rifleman |
| 22:46 | Flame Strike |
| 23:09 | Rifleman |
| 23:49 | Rifleman |
| 24:18 | Summon Phoenix |
| 24:29 | Rifleman |
| 24:31 | Peasant |
| 24:31 | Peasant |
| 24:31 | Peasant |
| 24:32 | Peasant |
| Right click | 1373 |
| Select | 348 |
| Select group | 137 |
| Misc. action | 119 |
| Build/train/purchase | 92 |
| Assign group | 41 |
| Use ability | 36 |
| Esc | 2 |
| Minimap ping | 2 |
| Remove unit | 1 |

| Scroll of Town Portal | 1 | 350 |
| total: | 1 | 350g |
| Peasant | 24 | 1800 | / | 0 |
| Footman | 15 | 2025 | / | 0 |
| Priest | 7 | 945 | / | 70 |
| Knight | 6 | 1470 | / | 360 |
| total: | 52 | 6240g | / | 430w |
| Scout Tower | 7 | 210 | / | 140 |
| Guard Tower | 6 | 420 | / | 300 |
| Arcane Tower | 1 | 70 | / | 50 |
| Altar of Kings | 1 | 180 | / | 50 |
| Farm | 11 | 880 | / | 220 |
| Barracks | 3 | 480 | / | 180 |
| Lumber Mill | 1 | 120 | / | 0 |
| Blacksmith | 1 | 140 | / | 60 |
| Town Hall | 3 | 1155 | / | 615 |
| Arcane Vault | 1 | 130 | / | 30 |
| Arcane Sanctum | 1 | 150 | / | 140 |
| Keep | 2 | 640 | / | 420 |
| Castle | 2 | 720 | / | 420 |
| total: | 29 | 3445g | / | 1435w |
| 0:03 | Peasant |
| 0:03 | Peasant |
| 0:03 | Peasant |
| 0:03 | Peasant |
| 0:17 | Altar of Kings |
| 0:26 | Farm |
| 0:46 | Barracks |
| 1:02 | Farm |
| 1:27 | Peasant |
| 1:27 | Peasant |
| 1:27 | Peasant |
| 1:38 | Farm |
| 1:49 | Footman |
| 1:51 | Footman |
| 2:22 | Summon Water Elemental |
| 2:27 | Peasant |
| 2:38 | Footman |
| 2:41 | Farm |
| 2:43 | Footman |
| 3:01 | Footman |
| 3:34 | Keep |
| 4:15 | Footman |
| 4:19 | Barracks |
| 4:21 | Brilliance Aura |
| 4:29 | Farm |
| 4:33 | Lumber Mill |
| 4:46 | Blacksmith |
| 4:54 | Footman |
| 5:28 | Footman |
| 5:37 | Farm |
| 6:02 | Iron Forged Swords |
| 6:11 | Peasant |
| 6:12 | Peasant |
| 6:17 | Arcane Sanctum |
| 6:20 | Farm |
| 6:47 | Town Hall |
| 7:06 | Footman |
| 7:47 | Farm |
| 7:49 | Castle |
| 7:54 | Priest Adept Training |
| 8:18 | Brilliance Aura |
| 9:41 | Town Hall |
| 10:22 | Farm |
| 10:34 | Peasant |
| 10:37 | Peasant |
| 10:59 | Footman |
| 11:04 | Peasant |
| 11:31 | Keep |
| 11:54 | Arcane Vault |
| 12:36 | Footman |
| 12:36 | Footman |
| 12:39 | Iron Plating |
| 12:44 | Priest |
| 12:45 | Priest |
| 12:47 | Priest |
| 12:52 | Farm |
| 13:09 | Scout Tower |
| 14:13 | Blizzard |
| 14:31 | Guard Tower |
| 14:35 | Farm |
| 14:37 | Castle |
| 14:39 | Footman |
| 14:39 | Footman |
| 14:45 | Scroll of Town Portal |
| 14:58 | Scout Tower |
| 15:22 | Scout Tower |
| 15:27 | Guard Tower |
| 15:33 | Steel Forged Swords |
| 15:35 | Improved Masonry |
| 15:42 | Priest |
| 15:42 | Priest |
| 15:51 | Guard Tower |
| 16:29 | Town Hall |
| 16:59 | Barracks |
| 17:17 | Scout Tower |
| 17:22 | Animal War Training |
| 18:02 | Guard Tower |
| 18:06 | Scout Tower |
| 18:14 | Knight |
| 18:15 | Knight |
| 18:19 | Priest Master Training |
| 18:40 | Priest |
| 18:43 | Sundering Blades |
| 20:01 | Knight |
| 20:23 | Guard Tower |
| 20:29 | Peasant |
| 20:29 | Peasant |
| 20:29 | Peasant |
| 20:30 | Peasant |
| 20:56 | Priest |
| 22:40 | Peasant |
| 22:40 | Peasant |
| 22:41 | Peasant |
| 22:42 | Peasant |
| 22:59 | Scout Tower |
| 23:40 | Scout Tower |
| 23:42 | Guard Tower |
| 24:18 | Footman |
| 24:21 | Knight |
| 24:21 | Knight |
| 24:21 | Knight |
| 24:29 | Arcane Tower |
| 24:46 | Peasant |
| 24:46 | Peasant |
| 24:50 | Peasant |
| Right click | 571 |
| Select | 388 |
| Build/train/purchase | 88 |
| Misc. action | 26 |
| Use ability | 4 |
| Minimap ping | 2 |
| Remove unit | 1 |



| Rod of Necromancy | 3 | 450 |
| Sacrificial Skull | 1 | 50 |
| Potion of Healing | 3 | 450 |
| Orb of Corruption | 2 | 750 |
| Scroll of Healing | 2 | 500 |
| Scroll of Town Portal | 2 | 700 |
| Potion of Lesser Invulnerability | 1 | 150 |
| total: | 14 | 3050g |
| Acolyte | 13 | 975 | / | 0 |
| Ghoul | 4 | 480 | / | 0 |
| Crypt Fiend | 3 | 645 | / | 120 |
| Obsidian Statue | 2 | 400 | / | 70 |
| Gargoyle | 3 | 525 | / | 90 |
| Meat Wagon | 1 | 230 | / | 50 |
| Frost Wyrm | 3 | 1155 | / | 360 |
| Goblin Shredder | 1 | 375 | / | 100 |
| total: | 30 | 4785g | / | 790w |
| Nerubian Tower | 1 | 100 | / | 20 |
| Spirit Tower | 5 | 725 | / | 200 |
| Graveyard | 1 | 215 | / | 0 |
| Crypt | 3 | 600 | / | 150 |
| Altar of Darkness | 1 | 180 | / | 50 |
| Ziggurat | 12 | 1800 | / | 600 |
| Tomb of Relics | 3 | 390 | / | 90 |
| Necropolis | 2 | 450 | / | 0 |
| Slaughterhouse | 2 | 280 | / | 270 |
| Sacrificial Pit | 1 | 75 | / | 150 |
| Boneyard | 2 | 350 | / | 400 |
| Halls of the Dead | 1 | 320 | / | 210 |
| Black Citadel | 2 | 650 | / | 460 |
| total: | 27 | 4340g | / | 1710w |
| 0:04 | Acolyte |
| 0:04 | Acolyte |
| 0:23 | Graveyard |
| 0:29 | Crypt |
| 0:57 | Altar of Darkness |
| 1:00 | Ziggurat |
| 1:25 | Ziggurat |
| 1:31 | Ghoul |
| 1:53 | Tomb of Relics |
| 1:58 | Ghoul |
| 2:18 | Ghoul |
| 2:28 | Acolyte |
| 2:28 | Acolyte |
| 2:37 | Ghoul |
| 2:53 | Acolyte |
| 3:04 | Death Coil |
| 3:06 | Rod of Necromancy |
| 3:06 | Sacrificial Skull |
| 3:28 | Acolyte |
| 3:28 | Acolyte |
| 4:08 | Crypt Fiend |
| 4:32 | Unholy Aura |
| 4:43 | Halls of the Dead |
| 4:52 | Rod of Necromancy |
| 5:00 | Ziggurat |
| 5:40 | Creature Attack |
| 6:02 | Crypt Fiend |
| 6:05 | Ziggurat |
| 6:11 | Creature Carapace |
| 6:16 | Necropolis |
| 6:17 | Nerubian Tower |
| 6:22 | Crypt Fiend |
| 6:54 | Ziggurat |
| 7:02 | Death Coil |
| 7:26 | Black Citadel |
| 7:51 | Slaughterhouse |
| 8:21 | Scroll of Healing |
| 8:25 | Potion of Lesser Invulnerability |
| 8:31 | Rod of Necromancy |
| 8:31 | Potion of Healing |
| 8:31 | Potion of Healing |
| 8:50 | Slaughterhouse |
| 8:54 | Sacrificial Pit |
| 8:56 | Ziggurat |
| 9:16 | Frost Nova |
| 9:32 | Spirit Tower |
| 9:33 | Spirit Tower |
| 9:35 | Spirit Tower |
| 9:42 | Obsidian Statue |
| 10:12 | Destroyer Form |
| 10:14 | Tomb of Relics |
| 10:24 | Howl of Terror |
| 10:39 | Crypt |
| 10:41 | Gargoyle |
| 10:41 | Gargoyle |
| 10:45 | Crypt |
| 12:27 | Gargoyle |
| 12:30 | Obsidian Statue |
| 12:31 | Improved Creature Carapace |
| 12:35 | Boneyard |
| 12:41 | Goblin Shredder |
| 12:48 | Burrow |
| 13:00 | Cleaving Attack |
| 13:36 | Unholy Aura |
| 13:37 | Frost Armor |
| 13:43 | Acolyte |
| 13:43 | Acolyte |
| 13:43 | Acolyte |
| 13:43 | Acolyte |
| 13:51 | Acolyte |
| 13:59 | Scroll of Town Portal |
| 14:02 | Scroll of Town Portal |
| 14:02 | Orb of Corruption |
| 14:08 | Orb of Corruption |
| 14:08 | Scroll of Healing |
| 14:09 | Potion of Healing |
| 15:02 | Ziggurat |
| 15:03 | Ziggurat |
| 15:15 | Improved Creature Attack |
| 15:15 | Advanced Creature Carapace |
| 15:34 | Ghoul Frenzy |
| 15:40 | Meat Wagon |
| 16:08 | Spirit Tower |
| 16:09 | Spirit Tower |
| 16:12 | Acolyte |
| 16:14 | Web |
| 16:17 | Stone Form |
| 16:42 | Disease Cloud |
| 16:43 | Unholy Strength |
| 16:49 | Necropolis |
| 17:24 | Frost Nova |
| 17:27 | Frost Wyrm |
| 17:44 | Howl of Terror |
| 18:15 | Frost Wyrm |
| 20:49 | Improved Unholy Strength |
| 21:49 | Death Coil |
| 22:49 | Advanced Creature Attack |
| 23:11 | Freezing Breath |
| 23:28 | Dark Ritual |
| 23:29 | Cleaving Attack |
| 23:30 | Howl of Terror |
| 23:50 | Frost Nova |
| 23:55 | Frost Wyrm |
| 24:00 | Boneyard |
| 24:26 | Unholy Armor |
| 24:26 | Improved Unholy Armor |
| 24:34 | Unholy Aura |
| 24:58 | Ziggurat |
| 25:00 | Ziggurat |
| 25:02 | Ziggurat |
| 25:05 | Ziggurat |
| 25:07 | Tomb of Relics |
| Right click | 1910 |
| Select group | 1611 |
| Select | 469 |
| Build/train/purchase | 158 |
| Misc. action | 130 |
| Assign group | 89 |
| Use ability | 63 |
| Minimap ping | 10 |
| Item give/drop | 3 |
| Esc | 1 |


| Staff of Preservation | 1 | 150 |
| Orb of Venom | 1 | 325 |
| Scroll of Town Portal | 2 | 700 |
| total: | 4 | 1175g |
| Wisp | 21 | 1260 | / | 0 |
| Archer | 4 | 520 | / | 40 |
| Huntress | 17 | 3315 | / | 340 |
| Goblin Zeppelin | 1 | 240 | / | 60 |
| total: | 43 | 5335g | / | 440w |
| Ancient Protector | 1 | 135 | / | 80 |
| Altar of Elders | 1 | 180 | / | 50 |
| Ancient of War | 8 | 1200 | / | 480 |
| Moon Well | 6 | 1080 | / | 240 |
| Hunter's Hall | 1 | 210 | / | 100 |
| Ancient of Wonders | 3 | 270 | / | 90 |
| Tree of Ages | 1 | 320 | / | 180 |
| Tree of Eternity | 1 | 330 | / | 200 |
| total: | 20 | 3075g | / | 1040w |
| 0:03 | Wisp |
| 0:03 | Wisp |
| 0:07 | Altar of Elders |
| 0:39 | Ancient of War |
| 0:53 | Wisp |
| 0:59 | Ancient of War |
| 1:01 | Wisp |
| 1:23 | Moon Well |
| 1:24 | Wisp |
| 1:24 | Wisp |
| 1:49 | Ancient of War |
| 1:52 | Wisp |
| 2:18 | Moon Well |
| 2:24 | Wisp |
| 2:41 | Wisp |
| 2:51 | Archer |
| 2:54 | Archer |
| 3:23 | Fan of Knives |
| 3:29 | Archer |
| 3:37 | Archer |
| 3:57 | Tree of Ages |
| 4:05 | Hunter's Hall |
| 5:05 | Blink |
| 5:18 | Huntress |
| 5:18 | Huntress |
| 5:30 | Ancient Protector |
| 5:33 | Moon Well |
| 5:56 | Huntress |
| 6:01 | Strength of the Moon |
| 7:22 | Moon Glaive |
| 7:24 | Huntress |
| 7:55 | Breath of Fire |
| 8:25 | Huntress |
| 8:25 | Huntress |
| 8:29 | Improved Strength of the Moon |
| 9:09 | Huntress |
| 9:44 | Wisp |
| 9:44 | Wisp |
| 9:49 | Fan of Knives |
| 10:07 | Ancient of War |
| 10:10 | Ancient of War |
| 10:15 | Moon Armor |
| 10:52 | Goblin Zeppelin |
| 11:00 | Moon Well |
| 11:14 | Huntress |
| 11:15 | Huntress |
| 11:17 | Moon Well |
| 11:31 | Drunken Brawler |
| 12:04 | Breath of Fire |
| 12:09 | Moon Well |
| 12:28 | Huntress |
| 12:30 | Wisp |
| 12:51 | Tree of Eternity |
| 13:01 | Ancient of Wonders |
| 14:35 | Blink |
| 14:41 | Huntress |
| 14:43 | Improved Moon Armor |
| 16:25 | Scroll of Town Portal |
| 16:26 | Staff of Preservation |
| 16:27 | Scroll of Town Portal |
| 18:03 | Wisp |
| 18:03 | Wisp |
| 18:04 | Wisp |
| 18:08 | Ancient of Wonders |
| 18:27 | Wisp |
| 18:44 | Drunken Brawler |
| 18:50 | Wisp |
| 18:50 | Wisp |
| 18:51 | Wisp |
| 19:17 | Ancient of War |
| 19:19 | Advanced Moon Armor |
| 19:57 | Fan of Knives |
| 20:19 | Ancient of Wonders |
| 20:21 | Advanced Strength of the Moon |
| 20:23 | Huntress |
| 20:23 | Huntress |
| 22:12 | Breath of Fire |
| 23:22 | Huntress |
| 23:31 | Storm Earth and Fire |
| 24:22 | Orb of Venom |
| 24:33 | Huntress |
| 24:33 | Huntress |
| 24:33 | Huntress |
| 24:37 | Ancient of War |
| 24:51 | Wisp |
| 24:51 | Wisp |
| 24:54 | Ultravision |
| 24:58 | Ancient of War |
| Right click | 1448 |
| Select | 504 |
| Misc. action | 174 |
| Build/train/purchase | 99 |
| Use ability | 26 |
| Assign group | 2 |
| Remove unit | 1 |
209 units @ 28.2k
/ 3.3k
192 buildings @ 14.1k
/ 6.4k


| Healing Salve | 7 | 700 |
| Orb of Lightning | 1 | 375 |
| Scroll of Town Portal | 4 | 1400 |
| total: | 12 | 2475g |
| Peon | 14 | 1050 | / | 0 |
| Raider | 18 | 3240 | / | 720 |
| Wind Rider | 8 | 2120 | / | 320 |
| Troll Batrider | 2 | 320 | / | 80 |
| total: | 42 | 6730g | / | 1120w |
| Orc Burrow | 7 | 1120 | / | 280 |
| Altar of Storms | 1 | 180 | / | 50 |
| Voodoo Lounge | 1 | 130 | / | 30 |
| War Mill | 1 | 205 | / | 0 |
| Great Hall | 2 | 770 | / | 370 |
| Beastiary | 2 | 290 | / | 280 |
| Stronghold | 1 | 315 | / | 190 |
| Fortress | 1 | 325 | / | 190 |
| total: | 14 | 2695g | / | 1010w |
| 0:03 | Peon |
| 0:04 | Peon |
| 0:04 | Peon |
| 0:12 | Orc Burrow |
| 0:23 | Peon |
| 0:36 | Peon |
| 0:52 | Peon |
| 1:06 | Altar of Storms |
| 1:11 | Voodoo Lounge |
| 1:19 | Peon |
| 1:23 | Orc Burrow |
| 1:41 | Peon |
| 2:20 | Stronghold |
| 2:26 | War Mill |
| 2:50 | Orc Burrow |
| 3:13 | Healing Salve |
| 3:17 | Wind Walk |
| 3:46 | Orc Burrow |
| 4:45 | Beastiary |
| 4:54 | Beastiary |
| 4:56 | Steel Armor |
| 5:29 | Pillage |
| 5:43 | Endurance Aura |
| 5:49 | Raider |
| 5:49 | Raider |
| 5:51 | Steel Melee Weapons |
| 6:01 | Raider |
| 6:01 | Raider |
| 6:40 | Raider |
| 6:41 | Raider |
| 6:50 | Critical Strike |
| 7:18 | Raider |
| 7:43 | Great Hall |
| 7:50 | Healing Salve |
| 7:58 | Reinforced Defenses |
| 8:19 | Orc Burrow |
| 8:21 | Peon |
| 8:52 | Thorium Melee Weapons |
| 9:16 | Fortress |
| 9:17 | Raider |
| 9:41 | War Stomp |
| 9:55 | Raider |
| 10:11 | Scroll of Town Portal |
| 10:18 | Healing Salve |
| 10:35 | Peon |
| 10:35 | Peon |
| 10:35 | Peon |
| 10:51 | Raider |
| 11:13 | Raider |
| 11:19 | Raider |
| 11:39 | Thorium Armor |
| 12:04 | Raider |
| 12:08 | Orc Burrow |
| 12:31 | Scroll of Town Portal |
| 12:56 | Steel Ranged Weapons |
| 13:11 | Raider |
| 14:11 | Raider |
| 14:13 | Thorium Ranged Weapons |
| 14:22 | Scroll of Town Portal |
| 14:23 | Healing Salve |
| 14:24 | Healing Salve |
| 14:35 | Raider |
| 14:38 | Raider |
| 15:12 | Raider |
| 15:30 | Arcanite Armor |
| 16:21 | Wind Rider |
| 16:41 | Wind Rider |
| 17:16 | Orc Burrow |
| 17:18 | Arcanite Ranged Weapons |
| 17:53 | Wind Rider |
| 18:15 | Scroll of Town Portal |
| 18:30 | Envenomed Spears |
| 18:48 | Critical Strike |
| 18:55 | Wind Rider |
| 19:11 | Endurance Aura |
| 19:23 | Wind Rider |
| 20:09 | Healing Salve |
| 20:22 | Great Hall |
| 20:28 | Healing Salve |
| 20:53 | Wind Rider |
| 21:21 | Wind Walk |
| 21:27 | Wind Rider |
| 21:30 | Wind Rider |
| 21:46 | Orb of Lightning |
| 23:18 | Troll Batrider |
| 23:18 | Troll Batrider |
| 24:24 | Peon |
| 24:24 | Peon |
| Right click | 521 |
| Select | 431 |
| Build/train/purchase | 87 |
| Chat | 41 |
| Use ability | 28 |
| Item give/drop | 1 |



| Lesser Clarity Potion | 4 | 280 |
| Scroll of Regeneration | 2 | 200 |
| Ivory Tower | 4 | 160 |
| Staff of Sanctuary | 1 | 250 |
| Scroll of Town Portal | 3 | 1050 |
| Boots of Speed | 3 | 750 |
| Staff of Teleportation | 3 | 450 |
| Periapt of Vitality | 1 | 325 |
| Healing Salve | 3 | 300 |
| Scroll of Speed | 1 | 50 |
| Orb of Lightning | 1 | 375 |
| total: | 26 | 4190g |
| Peasant | 25 | 1875 | / | 0 |
| Sorceress | 1 | 155 | / | 20 |
| Goblin Shredder | 1 | 375 | / | 100 |
| Goblin Zeppelin | 1 | 240 | / | 60 |
| total: | 28 | 2645g | / | 180w |
| Scout Tower | 125 | 3750 | / | 2500 |
| Guard Tower | 29 | 2030 | / | 1450 |
| Arcane Tower | 4 | 280 | / | 200 |
| Altar of Kings | 1 | 180 | / | 50 |
| Farm | 3 | 240 | / | 60 |
| Lumber Mill | 1 | 120 | / | 0 |
| Town Hall | 2 | 770 | / | 410 |
| Arcane Vault | 1 | 130 | / | 30 |
| Arcane Sanctum | 1 | 150 | / | 140 |
| Keep | 1 | 320 | / | 210 |
| Castle | 1 | 360 | / | 210 |
| total: | 134 | 5340g | / | 3190w |
| 0:29 | Peasant |
| 0:29 | Peasant |
| 0:31 | Altar of Kings |
| 0:34 | Farm |
| 0:41 | Peasant |
| 0:50 | Peasant |
| 1:02 | Peasant |
| 1:05 | Farm |
| 1:11 | Peasant |
| 1:24 | Peasant |
| 1:28 | Lumber Mill |
| 1:41 | Peasant |
| 1:54 | Peasant |
| 2:01 | Farm |
| 2:11 | Peasant |
| 2:16 | Scout Tower |
| 2:27 | Peasant |
| 2:32 | Blizzard |
| 2:46 | Scout Tower |
| 2:47 | Guard Tower |
| 2:51 | Peasant |
| 2:51 | Peasant |
| 3:07 | Scout Tower |
| 3:17 | Scout Tower |
| 3:18 | Guard Tower |
| 3:23 | Peasant |
| 3:36 | Guard Tower |
| 3:38 | Scout Tower |
| 3:40 | Healing Salve |
| 3:47 | Guard Tower |
| 3:53 | Scout Tower |
| 3:59 | Keep |
| 4:06 | Arcane Tower |
| 4:20 | Guard Tower |
| 5:10 | Brilliance Aura |
| 5:23 | Scout Tower |
| 5:24 | Scout Tower |
| 5:24 | Scout Tower |
| 5:25 | Scout Tower |
| 5:25 | Scout Tower |
| 5:26 | Scout Tower |
| 5:27 | Scout Tower |
| 5:28 | Scout Tower |
| 5:28 | Scout Tower |
| 5:29 | Scout Tower |
| 5:55 | Guard Tower |
| 6:34 | Town Hall |
| 6:36 | Guard Tower |
| 6:41 | Brilliance Aura |
| 7:24 | Scout Tower |
| 7:25 | Scout Tower |
| 7:25 | Scout Tower |
| 7:26 | Scout Tower |
| 7:27 | Scout Tower |
| 7:27 | Scout Tower |
| 7:28 | Scout Tower |
| 7:28 | Scout Tower |
| 7:54 | Goblin Shredder |
| 8:04 | Blizzard |
| 8:11 | Guard Tower |
| 8:46 | Peasant |
| 8:46 | Peasant |
| 8:49 | Guard Tower |
| 8:54 | Arcane Vault |
| 9:10 | Improved Masonry |
| 9:20 | Lesser Clarity Potion |
| 9:22 | Lesser Clarity Potion |
| 9:41 | Castle |
| 9:53 | Scroll of Speed |
| 10:05 | Peasant |
| 10:05 | Peasant |
| 10:05 | Peasant |
| 10:12 | Flame Strike |
| 10:16 | Guard Tower |
| 10:17 | Lesser Clarity Potion |
| 10:17 | Scroll of Regeneration |
| 10:22 | Ivory Tower |
| 10:23 | Ivory Tower |
| 10:25 | Scout Tower |
| 10:26 | Scout Tower |
| 10:26 | Scout Tower |
| 10:27 | Scout Tower |
| 10:27 | Scout Tower |
| 10:28 | Scout Tower |
| 10:28 | Scout Tower |
| 10:28 | Scout Tower |
| 10:29 | Scout Tower |
| 10:29 | Scout Tower |
| 10:40 | Guard Tower |
| 10:43 | Arcane Tower |
| 10:44 | Advanced Masonry |
| 10:55 | Boots of Speed |
| 10:56 | Staff of Teleportation |
| 10:58 | Boots of Speed |
| 11:01 | Guard Tower |
| 11:03 | Guard Tower |
| 11:43 | Scroll of Town Portal |
| 11:43 | Ivory Tower |
| 11:43 | Ivory Tower |
| 11:46 | Guard Tower |
| 11:49 | Guard Tower |
| 11:51 | Guard Tower |
| 11:57 | Scout Tower |
| 11:57 | Scout Tower |
| 11:59 | Scout Tower |
| 12:00 | Scout Tower |
| 12:01 | Scout Tower |
| 12:01 | Scout Tower |
| 12:27 | Town Hall |
| 12:41 | Staff of Teleportation |
| 12:46 | Guard Tower |
| 12:48 | Guard Tower |
| 13:04 | Scout Tower |
| 13:04 | Scout Tower |
| 13:05 | Scout Tower |
| 13:05 | Scout Tower |
| 14:05 | Siphon Mana |
| 14:29 | Arcane Tower |
| 14:33 | Arcane Tower |
| 14:34 | Peasant |
| 14:35 | Peasant |
| 14:35 | Peasant |
| 14:35 | Peasant |
| 14:37 | Guard Tower |
| 14:40 | Orb of Lightning |
| 14:40 | Scroll of Town Portal |
| 14:42 | Healing Salve |
| 14:42 | Healing Salve |
| 14:42 | Lesser Clarity Potion |
| 14:49 | Imbued Masonry |
| 14:50 | Improved Lumber Harvesting |
| 15:02 | Arcane Sanctum |
| 15:04 | Scout Tower |
| 15:04 | Scout Tower |
| 15:04 | Scout Tower |
| 15:05 | Scout Tower |
| 15:05 | Scout Tower |
| 15:06 | Scout Tower |
| 15:57 | Rain of Fire |
| 16:01 | Scout Tower |
| 16:01 | Scout Tower |
| 16:02 | Scout Tower |
| 16:02 | Scout Tower |
| 16:03 | Scout Tower |
| 16:03 | Scout Tower |
| 16:04 | Scout Tower |
| 16:05 | Scout Tower |
| 16:05 | Scout Tower |
| 16:06 | Scout Tower |
| 16:09 | Staff of Teleportation |
| 16:09 | Boots of Speed |
| 16:09 | Scroll of Town Portal |
| 16:10 | Periapt of Vitality |
| 16:21 | Sorceress |
| 16:21 | Sorceress Adept Training |
| 16:21 | Magic Sentry |
| 16:48 | Blizzard |
| 17:10 | Guard Tower |
| 17:34 | Scroll of Regeneration |
| 17:34 | Staff of Sanctuary |
| 17:40 | Guard Tower |
| 17:42 | Peasant |
| 17:42 | Peasant |
| 18:08 | Flame Strike |
| 18:19 | Guard Tower |
| 18:20 | Sorceress Master Training |
| 18:23 | Scout Tower |
| 18:24 | Scout Tower |
| 18:24 | Scout Tower |
| 18:25 | Scout Tower |
| 18:25 | Scout Tower |
| 18:26 | Scout Tower |
| 18:26 | Scout Tower |
| 18:27 | Scout Tower |
| 18:27 | Scout Tower |
| 18:27 | Scout Tower |
| 18:28 | Scout Tower |
| 18:34 | Guard Tower |
| 19:10 | Scout Tower |
| 19:11 | Scout Tower |
| 19:16 | Scout Tower |
| 19:17 | Scout Tower |
| 19:44 | Guard Tower |
| 19:48 | Scout Tower |
| 19:49 | Scout Tower |
| 19:51 | Scout Tower |
| 19:53 | Scout Tower |
| 20:45 | Guard Tower |
| 20:47 | Guard Tower |
| 20:50 | Goblin Zeppelin |
| 21:01 | Scout Tower |
| 21:02 | Scout Tower |
| 21:02 | Scout Tower |
| 21:03 | Scout Tower |
| 21:03 | Scout Tower |
| 21:04 | Scout Tower |
| 21:04 | Scout Tower |
| 21:05 | Scout Tower |
| 21:05 | Scout Tower |
| 21:06 | Scout Tower |
| 21:06 | Scout Tower |
| 21:06 | Scout Tower |
| 21:49 | Cleaving Attack |
| 23:15 | Scout Tower |
| 23:16 | Scout Tower |
| 23:16 | Scout Tower |
| 23:17 | Scout Tower |
| 23:18 | Scout Tower |
| 23:18 | Scout Tower |
| 23:21 | Scout Tower |
| 23:21 | Scout Tower |
| 23:22 | Scout Tower |
| 23:22 | Scout Tower |
| 23:24 | Scout Tower |
| 23:32 | Scout Tower |
| 23:32 | Scout Tower |
| 23:33 | Scout Tower |
| 23:33 | Scout Tower |
| 23:34 | Scout Tower |
| 23:34 | Scout Tower |
| 23:35 | Scout Tower |
| 23:35 | Scout Tower |
| 23:35 | Scout Tower |
| 23:44 | Scout Tower |
| 23:45 | Scout Tower |
| 23:45 | Scout Tower |
| 23:46 | Scout Tower |
| 23:46 | Scout Tower |
| 23:47 | Scout Tower |
| 23:47 | Scout Tower |
| 23:48 | Scout Tower |
| 23:48 | Scout Tower |
| 23:49 | Scout Tower |
| 23:49 | Scout Tower |
| 23:50 | Scout Tower |
| 23:50 | Scout Tower |
| 23:50 | Scout Tower |
| 24:05 | Guard Tower |
| 24:27 | Siphon Mana |
| 24:33 | Rain of Fire |
| 24:44 | Guard Tower |
| 24:53 | Guard Tower |
| Right click | 1048 |
| Select group | 370 |
| Select | 269 |
| Build/train/purchase | 164 |
| Use ability | 125 |
| Chat | 96 |
| Misc. action | 33 |
| Assign group | 26 |
| Item give/drop | 6 |
| Esc | 5 |


| Healing Salve | 4 | 400 |
| Lesser Clarity Potion | 11 | 770 |
| Potion of Healing | 8 | 1200 |
| Potion of Mana | 5 | 1000 |
| Scroll of Speed | 1 | 50 |
| Scroll of Town Portal | 3 | 1050 |
| Staff of Sanctuary | 1 | 250 |
| Orb of Fire | 2 | 650 |
| Scroll of Regeneration | 1 | 100 |
| total: | 36 | 5470g |
| Peon | 19 | 1425 | / | 0 |
| Troll Headhunter | 18 | 2520 | / | 360 |
| Shaman | 22 | 2860 | / | 440 |
| Troll Berserker | 10 | 1400 | / | 200 |
| Goblin Shredder | 2 | 750 | / | 200 |
| total: | 71 | 8955g | / | 1200w |
| Altar of Storms | 1 | 180 | / | 50 |
| Orc Burrow | 10 | 1600 | / | 400 |
| War Mill | 1 | 205 | / | 0 |
| Barracks | 2 | 360 | / | 100 |
| Voodoo Lounge | 1 | 130 | / | 30 |
| Great Hall | 1 | 385 | / | 185 |
| Beastiary | 1 | 145 | / | 140 |
| Spirit Lodge | 1 | 150 | / | 150 |
| Stronghold | 2 | 630 | / | 380 |
| Fortress | 2 | 650 | / | 380 |
| total: | 18 | 3155g | / | 1055w |
| 0:35 | Peon |
| 0:35 | Peon |
| 0:41 | Altar of Storms |
| 0:53 | Orc Burrow |
| 0:58 | Peon |
| 0:58 | Peon |
| 1:10 | War Mill |
| 1:11 | Peon |
| 1:11 | Peon |
| 1:19 | Peon |
| 1:20 | Peon |
| 1:39 | Peon |
| 2:03 | Barracks |
| 2:05 | Peon |
| 2:05 | Peon |
| 2:15 | Peon |
| 2:26 | Orc Burrow |
| 2:35 | Voodoo Lounge |
| 2:47 | Feral Spirit |
| 2:47 | Feral Spirit |
| 3:09 | Troll Headhunter |
| 3:15 | Troll Headhunter |
| 3:34 | Troll Headhunter |
| 3:40 | Healing Salve |
| 3:40 | Lesser Clarity Potion |
| 3:46 | Stronghold |
| 3:59 | Troll Headhunter |
| 3:59 | Troll Headhunter |
| 4:16 | Orc Burrow |
| 4:21 | Chain Lighting |
| 4:30 | Troll Headhunter |
| 4:30 | Troll Headhunter |
| 4:43 | Troll Headhunter |
| 5:06 | Troll Headhunter |
| 5:20 | Steel Ranged Weapons |
| 5:28 | Great Hall |
| 6:12 | Troll Regeneration |
| 6:23 | Feral Spirit |
| 6:38 | Reinforced Defenses |
| 7:14 | War Stomp |
| 7:14 | War Stomp |
| 7:22 | Peon |
| 7:22 | Peon |
| 7:22 | Peon |
| 8:13 | Lesser Clarity Potion |
| 8:25 | Healing Salve |
| 8:38 | Orc Burrow |
| 8:40 | Peon |
| 8:40 | Peon |
| 9:05 | Orc Burrow |
| 9:27 | Orc Burrow |
| 9:37 | Orc Burrow |
| 9:39 | Peon |
| 9:39 | Peon |
| 10:11 | Potion of Healing |
| 10:12 | Potion of Mana |
| 10:17 | Lesser Clarity Potion |
| 10:20 | Scroll of Town Portal |
| 10:24 | Potion of Healing |
| 10:25 | Potion of Mana |
| 10:25 | Healing Salve |
| 10:50 | Orc Burrow |
| 11:25 | Troll Headhunter |
| 11:25 | Troll Headhunter |
| 11:28 | Goblin Shredder |
| 11:28 | Goblin Shredder |
| 11:34 | Beastiary |
| 11:35 | Spirit Lodge |
| 11:37 | Fortress |
| 11:44 | Troll Headhunter |
| 11:56 | Lesser Clarity Potion |
| 11:59 | Scroll of Speed |
| 12:03 | Lesser Clarity Potion |
| 12:19 | Troll Headhunter |
| 12:32 | Troll Headhunter |
| 12:53 | Barracks |
| 12:58 | Shaman Adept Training |
| 13:03 | Staff of Sanctuary |
| 13:10 | Potion of Healing |
| 13:15 | Orb of Fire |
| 13:15 | Orb of Fire |
| 13:25 | Troll Headhunter |
| 13:30 | Thorium Ranged Weapons |
| 13:30 | Steel Armor |
| 13:59 | Berserker Upgrade |
| 14:00 | Troll Headhunter |
| 14:19 | Endurance Aura |
| 14:35 | Troll Headhunter |
| 14:36 | Shaman Master Training |
| 14:36 | Shaman |
| 14:40 | Troll Headhunter |
| 14:43 | Chain Lighting |
| 14:47 | Troll Berserker |
| 15:03 | Troll Berserker |
| 15:13 | Troll Berserker |
| 15:14 | Shaman |
| 15:14 | Shaman |
| 15:14 | Shaman |
| 16:12 | Shaman |
| 16:12 | Shaman |
| 16:28 | Lesser Clarity Potion |
| 16:38 | Lesser Clarity Potion |
| 16:38 | Scroll of Town Portal |
| 16:46 | Potion of Healing |
| 16:49 | Shaman |
| 16:53 | Shaman |
| 17:28 | Troll Berserker |
| 17:29 | Shaman |
| 17:29 | Shaman |
| 18:07 | Healing Salve |
| 18:09 | Lesser Clarity Potion |
| 18:10 | Scroll of Town Portal |
| 18:13 | Potion of Healing |
| 18:20 | Lesser Clarity Potion |
| 18:32 | Arcanite Ranged Weapons |
| 19:16 | Endurance Aura |
| 19:28 | Troll Berserker |
| 19:28 | Shaman |
| 19:28 | Shaman |
| 19:54 | Shaman |
| 19:55 | Shaman |
| 19:55 | Shaman |
| 20:15 | Scroll of Regeneration |
| 20:19 | Potion of Healing |
| 20:21 | Potion of Healing |
| 20:21 | Potion of Mana |
| 20:23 | Lesser Clarity Potion |
| 20:27 | Potion of Mana |
| 20:57 | Orc Burrow |
| 20:58 | Orc Burrow |
| 21:24 | Shaman |
| 21:24 | Shaman |
| 22:27 | Troll Berserker |
| 22:28 | Shaman |
| 22:59 | Troll Berserker |
| 23:09 | Troll Berserker |
| 23:09 | Shaman |
| 23:11 | Shaman |
| 23:11 | Troll Berserker |
| 24:08 | Troll Berserker |
| 24:09 | Shaman |
| 24:09 | Shaman |
| 24:11 | Thorium Armor |
| 24:29 | Lesser Clarity Potion |
| 24:32 | Potion of Healing |
| 24:37 | Potion of Mana |
| Right click | 1870 |
| Select | 525 |
| Select group | 406 |
| Build/train/purchase | 220 |
| Use ability | 50 |
| Assign group | 44 |
| Esc | 10 |
| Item give/drop | 4 |



| Scroll of Regeneration | 2 | 200 |
| Ivory Tower | 4 | 160 |
| Potion of Healing | 1 | 150 |
| Orb of Fire | 2 | 650 |
| Staff of Sanctuary | 2 | 500 |
| total: | 11 | 1660g |
| Peasant | 12 | 900 | / | 0 |
| Footman | 34 | 4590 | / | 0 |
| Rifleman | 18 | 3690 | / | 540 |
| Mortar Team | 4 | 720 | / | 280 |
| total: | 68 | 9900g | / | 820w |
| Scout Tower | 4 | 120 | / | 80 |
| Arcane Tower | 2 | 140 | / | 100 |
| Guard Tower | 5 | 350 | / | 250 |
| Altar of Kings | 2 | 360 | / | 100 |
| Farm | 11 | 880 | / | 220 |
| Blacksmith | 1 | 140 | / | 60 |
| Barracks | 3 | 480 | / | 180 |
| Lumber Mill | 1 | 120 | / | 0 |
| Arcane Vault | 1 | 130 | / | 30 |
| Town Hall | 1 | 385 | / | 205 |
| Workshop | 2 | 280 | / | 280 |
| Keep | 1 | 320 | / | 210 |
| Castle | 1 | 360 | / | 210 |
| total: | 26 | 2895g | / | 1155w |
| 0:08 | Peasant |
| 0:09 | Peasant |
| 0:09 | Peasant |
| 0:21 | Altar of Kings |
| 0:26 | Peasant |
| 0:31 | Farm |
| 0:34 | Farm |
| 0:40 | Peasant |
| 0:53 | Peasant |
| 1:08 | Altar of Kings |
| 1:12 | Peasant |
| 1:47 | Blacksmith |
| 1:52 | Peasant |
| 2:06 | Barracks |
| 2:17 | Peasant |
| 2:18 | Peasant |
| 2:19 | Peasant |
| 2:20 | Peasant |
| 3:04 | Iron Forged Swords |
| 3:11 | Defend |
| 3:37 | Breath of Fire |
| 4:01 | Keep |
| 4:10 | Footman |
| 4:11 | Footman |
| 4:14 | Iron Plating |
| 4:22 | Farm |
| 4:23 | Farm |
| 4:51 | Scout Tower |
| 4:52 | Scout Tower |
| 4:57 | Scout Tower |
| 4:57 | Scout Tower |
| 5:02 | Farm |
| 5:04 | Farm |
| 5:14 | Black Gunpowder |
| 5:17 | Footman |
| 5:17 | Footman |
| 5:43 | Rifleman |
| 6:01 | Lumber Mill |
| 6:05 | Arcane Tower |
| 6:18 | Drunken Haze |
| 6:35 | Arcane Vault |
| 6:45 | Footman |
| 6:45 | Footman |
| 6:45 | Footman |
| 7:14 | Scroll of Regeneration |
| 7:16 | Ivory Tower |
| 7:16 | Ivory Tower |
| 7:26 | Scroll of Regeneration |
| 7:31 | Potion of Healing |
| 8:41 | Castle |
| 8:49 | Guard Tower |
| 8:53 | Guard Tower |
| 9:47 | Guard Tower |
| 9:56 | Barracks |
| 10:02 | Barracks |
| 10:14 | Farm |
| 10:15 | Farm |
| 10:16 | Farm |
| 10:18 | Farm |
| 10:21 | Farm |
| 11:46 | Town Hall |
| 12:04 | Blizzard |
| 12:14 | Footman |
| 12:14 | Footman |
| 12:15 | Footman |
| 12:15 | Footman |
| 12:15 | Footman |
| 12:31 | Footman |
| 12:31 | Footman |
| 13:41 | Footman |
| 13:41 | Footman |
| 13:41 | Footman |
| 13:41 | Footman |
| 13:41 | Footman |
| 13:42 | Footman |
| 13:42 | Footman |
| 13:54 | Orb of Fire |
| 13:55 | Staff of Sanctuary |
| 13:57 | Ivory Tower |
| 13:57 | Ivory Tower |
| 14:46 | Workshop |
| 14:51 | Workshop |
| 15:07 | Footman |
| 15:07 | Footman |
| 15:18 | Footman |
| 15:30 | Breath of Fire |
| 15:49 | Arcane Tower |
| 16:14 | Steel Plating |
| 16:15 | Steel Forged Swords |
| 17:47 | Flame Strike |
| 19:00 | Footman |
| 19:00 | Footman |
| 19:01 | Footman |
| 19:01 | Footman |
| 19:01 | Footman |
| 19:01 | Footman |
| 19:01 | Footman |
| 19:02 | Footman |
| 20:02 | Rifleman |
| 20:02 | Rifleman |
| 20:02 | Long Rifles |
| 20:08 | Mithril Forged Swords |
| 20:10 | Refined Gunpowder |
| 20:12 | Studded Leather Armor |
| 20:16 | Rifleman |
| 20:16 | Rifleman |
| 20:16 | Rifleman |
| 20:16 | Rifleman |
| 20:16 | Rifleman |
| 20:17 | Rifleman |
| 20:20 | Rifleman |
| 20:20 | Rifleman |
| 20:20 | Rifleman |
| 20:20 | Rifleman |
| 20:21 | Rifleman |
| 20:21 | Rifleman |
| 20:28 | Fragmentation Shards |
| 20:29 | Flare |
| 20:29 | Mortar Team |
| 20:32 | Mortar Team |
| 21:13 | Staff of Sanctuary |
| 21:13 | Orb of Fire |
| 23:21 | Guard Tower |
| 23:30 | Rifleman |
| 23:30 | Rifleman |
| 23:30 | Rifleman |
| 23:33 | Mortar Team |
| 23:33 | Mortar Team |
| 24:01 | Summon Water Elemental |
| 24:25 | Footman |
| 24:26 | Footman |
| Right click | 602 |
| Select | 292 |
| Build/train/purchase | 143 |
| Select group | 62 |
| Misc. action | 35 |
| Use ability | 32 |
| Assign group | 18 |
| Remove unit | 17 |
| Esc | 3 |
| Item give/drop | 2 |
⇛